 Dungeon Crawl Stone Soup version 0.21.1-1-g345015f (webtiles) character file.

23 inc the Vexing (level 2, -6/11 HPs)
             Began as a Felid Enchanter on Feb 21, 2018.
             Mangled by a hobgoblin
             ... wielding a +3 spear
              (8 damage)
             ... on level 1 of the Dungeon.
             The game lasted 00:01:32 (771 turns).

inc the Vexing (Felid Enchanter)                     Turns: 771, Time: 00:01:33

Health: -6/11      AC:  1    Str:  4    XL:     2   Next: 75%
Magic:  6/6        EV: 19    Int: 16    God:
Gold:   15         SH:  0    Dex: 16    Spells: 4/5 levels left
                                        Lives:  0   Deaths: 0

rFire    . . .     SeeInvis +     - Unarmed
rCold    . . .     Gourm    .   (shield unavailable)
rNeg     . . .     Faith    .   (armour unavailable)
rPois    .         Spirit   .   (helmet unavailable)
rElec    .         Reflect  .   (cloak unavailable)
rCorr    .         Harm     .   (gloves unavailable)
MR       .....                  (boots unavailable)
Stlth    +++.......             g - amulet of inaccuracy (curse)
HPRegen  0.03/turn              (no ring)
MPRegen  0.10/turn              (no ring)

@: quick
A: very small, no armour, no weapons or thrown items, stealth, claws 1, fangs 3,
see invisible, carnivore, speed 1, shaggy fur 1, slow metabolism 1, sharp paws
a: no special abilities


You were on level 1 of the Dungeon.
You were not hungry.

You visited 1 branch of the dungeon, and saw 1 of its levels.

You collected 15 gold pieces.

Inventory:

Jewellery
 g - a cursed amulet of inaccuracy (around neck)
Potions
 c - a potion of haste {unknown}
 d - a potion of might
 e - a potion of lignification {unknown}
Books
 a - a book of Maledictions

   Spells                             Type                      Level
   a - Corona                         Hexes                        1
   b - Ensorcelled Hibernation        Hexes/Ice                    2
   c - Confuse                        Hexes                        3
   d - Tukima's Dance                 Hexes                        3
   e - Dazzling Spray                 Conjuration/Hexes            3
Comestibles
 b - 3 rations


   Skills:
 + Level 3.7 Dodging
 - Level 4.0 Stealth
 + Level 2.0 Unarmed Combat
 - Level 2.0 Spellcasting
 - Level 4.4 Hexes


You had 4 spell levels left.
You knew the following spells:

 Your Spells              Type           Power        Failure   Level  Hunger
a - Corona                Hex            ###....      3%          1    #......


Dungeon Overview and Level Annotations

Branches:
Dungeon (1/15)

Altars:


Innate Abilities, Weirdness & Mutations

You cannot wear armour.
You are incapable of wielding weapons or throwing items.
Your paws allow you to move quietly. (Stealth)
You have sharp claws.
You have razor-sharp teeth.
You have supernaturally acute eyesight. (SInv)
You are carnivorous and can eat meat at any time.
You cover ground quickly.
You are covered in fur. (AC +1)
You have a slow metabolism.
Your sharp claws are effective at attacking unaware monsters.


Message History

The hobgoblin is severely wounded.
The hobgoblin hits you with an enchanted spear.
* * * LOW HITPOINT WARNING * * *
You scratch the hobgoblin but do no damage.
Your bite misses the hobgoblin.
The hobgoblin is severely wounded.
The hobgoblin completely misses you.
You barely miss the hobgoblin.
The hobgoblin is severely wounded.
The hobgoblin misses you.
You closely miss the hobgoblin.
The hobgoblin is severely wounded.
The hobgoblin drinks a potion.
The hobgoblin is healed!
You scratch the hobgoblin but do no damage.
The hobgoblin closely misses you.
You scratch the hobgoblin. You bite the hobgoblin.
The hobgoblin is almost dead.
The hobgoblin hits you with an enchanted spear!
Ouch! That really hurt!
You die...

.# #.# #.# .# #.# ######.####
.# #.###.........###########
.# #...........#...........#
.#
#.###.####..###########.#####
.# #.# #.# #..## #....†. .#
#.###.## #...### ####### .#
#.##...###.#...# #### .#
#...........@..## #... .#
####...##.##g...##########.##
.# ##.###.##.................
.# #.# #.##..#.#.#.#.####.##
.# #.# #.##.......###.†...#
.# #.# #>##..#.#.#.#.######
.### #.# #.##.#...###.## ...#
#)# #.##.##.## #.#
.#.######.###.##.##.# #..


You could see a hobgoblin.

Vanquished Creatures
  A leopard gecko (D:1)
  2 bats (D:1)
  2 giant cockroaches (D:1)
  5 goblins (D:1)
  2 hobgoblins (D:1)
  A kobold (D:1)
  9 rats (D:1)
22 creatures vanquished.

Notes
Turn   | Place    | Note
-------+----------+-------------------------------------------
     0 | D:1      | inc the Felid Enchanter began the quest for the Orb.
     0 | D:1      | Reached XP level 1. HP: 7/7 MP: 4/4
   351 | D:1      | Reached XP level 2. HP: 11/11 MP: 6/6
   771 | D:1      | Mangled by a hobgoblin

Skill      XL: |  1  2 |
---------------+-------+-----
Dodging        | 3 |  3.7
Unarmed Combat | 2 |  2.0
Stealth        | |  4.0
Spellcasting   | |  2.0
Hexes          | |  4.4

Action                   || total
-------------------------++-------
Melee: Unarmed           ||    60
       Bite              ||     3
  Use: Scroll            ||     1
 Stab: Sleeping          ||    10
Dodge: Dodged            ||    38
